 Dungeon Crawl Stone Soup version 0.17-a0-2064-g265a032 (webtiles) character file.

266 kosy22 the Covered (level 6, -2/53 HPs)
             Began as a Hill Orc Fighter on Oct 12, 2015.
             Slain by an orc
             ... wielding a +0 trident
              (4 damage)
             ... on level 4 of the Dungeon.
             The game lasted 00:11:10 (3239 turns).

kosy22 the Covered (Hill Orc Fighter)               Turns: 3239, Time: 00:11:10

Health: -2/53      AC:  9    Str: 23    XL:     6   Next: 20%
Magic:  6/6        EV:  8    Int: 17    God:
Gold:   190        SH:  0    Dex: 10    Spells: 0 memorised, 5 levels left

rFire  . . .     SeeInvis .     A - +8 scythe of Expedience {slice, rPois Str+2 Int+4}
rCold  . . .     Clarity  .     k - +0 chain mail
rNeg   . . .     SustAt   .     (no shield)
rPois  +         Gourm    .     (no helmet)
rElec  .         Spirit   .     (no cloak)
rCorr  .         Warding  .     (no gloves)
rMut   .         Stasis   .     (no boots)
MR     .....                    l - amulet of rage
Stlth  ..........               (no ring)
                                (no ring)

@: brilliant, not resistant to hostile enchantments, extremely unstealthy
A: no striking features
a: Evoke Berserk Rage


You were on level 4 of the Dungeon.
You were not hungry.

You visited 1 branch of the dungeon, and saw 4 of its levels.

You collected 190 gold pieces.

Inventory:

Hand Weapons
 a - a +0 war axe
 A - the +8 scythe of Expedience (weapon) {slice, rPois Str+2 Int+4}
   (You found it on level 4 of the Dungeon)

   It inflicts extra damage upon your enemies.
   It affects your strength (+2).
   It affects your intelligence (+4).
   It protects you from poison.
Armour
 b - a +0 scale mail
 c - a +0 shield
 k - a +0 chain mail (worn)
Magical Staves
 y - an uncursed staff of poison
Jewellery
 l - an amulet of rage (around neck)
 z - an uncursed amulet of warding
Wands
 v - a wand of disintegration (12)
Scrolls
 f - a scroll of magic mapping {unknown}
 g - 3 scrolls of identify
 h - a scroll of recharging {unknown}
 j - a scroll of immolation {unknown}
 m - 2 scrolls of remove curse {unknown}
 q - a scroll of fog {unknown}
 r - 2 scrolls of random uselessness {unknown}
 s - a scroll of enchant armour {unknown}
 u - 2 scrolls of amnesia {unknown}
Potions
 d - a potion of might
 i - a potion of haste {unknown}
 n - 3 potions of brilliance
 o - a potion of flight {unknown}
 p - a potion of curing
 x - a potion of agility {unknown}
Books
 w - a book of Beasts

   Spells                             Type                      Level
   a - Summon Butterflies             Summoning                    1
   b - Call Canine Familiar           Summoning                    3
   c - Summon Ice Beast               Ice/Summoning                4
   d - Summon Mana Viper              Hexes/Summoning              5
   e - Summon Hydra                   Summoning                    7
Comestibles
 e - 2 bread rations
 t - a meat ration


   Skills:
 + Level 4.7 Fighting
 + Level 4.2 Axes
 + Level 4.7 Armour
 + Level 1.2 Dodging
 + Level 4.7 Shields


You had 5 spell levels left.
You didn't know any spells.

Dungeon Overview and Level Annotations

Branches:
Dungeon (4/15)
 Temple: D:4-7

Altars:
Elyvilon
Trog
Xom
Zin
The Shining One

Annotations:
D:4 Menkaure


Message History

You slice Menkaure!!
Menkaure is almost destroyed.
The orc hits you but does no damage. x3
Menkaure mumbles some strange words.
Menkaure seems to speed up.
The orc hits you with a hand axe.
* * * LOW HITPOINT WARNING * * *
The orc closely misses you. The orc hits you but does no damage.
The hound barely misses you.
Drink which item? (? for menu, Esc to quit)
You feel better. Menkaure hits you!
* * * LOW HITPOINT WARNING * * *
The orc hits you but does no damage. The hound bites you but does no damage.
The orc hits you but does no damage. x2
Menkaure hits you.
* * * LOW HITPOINT WARNING * * *
Drink which item? (? for menu, Esc to quit)
It was a potion of brilliance.
You feel clever all of a sudden. The hound bites you but does no damage.
The orc hits you with a trident.
You die...

### #######... .
#####........ #.
#+#......#.#.#
#..##+##.........#..
+.........<....o#o#.#...
##+##.##.......h@M......
#..##.##...##..o#.#.....
'...'....^.##....... ...
#...#.##........#..... (
#.######...##......$....
...# ....##'..#.#.#.#.
...# #.................
...# #....###+.#.#.#...
...# #....#


You could see Menkaure, a hound and 3 orcs.

Vanquished Creatures
  An orc wizard (D:3)
  A worker ant (D:4)
  4 gnolls (D:2)
  6 adders
  An ooze (D:2)
  3 worms
  4 giant geckos
  9 orcs
  5 giant cockroaches
  8 hobgoblins
  10 jackals
  A ball python (D:1)
  13 bats
  5 giant newts
  14 goblins
  5 kobolds
  A quokka (D:3)
  10 rats
101 creatures vanquished.

Notes
Turn   | Place    | Note
--------------------------------------------------------------
     0 | D:1      | kosy22 the Hill Orc Fighter began the quest for the Orb.
     0 | D:1      | Reached XP level 1. HP: 19/19 MP: 1/1
   106 | D:1      | Reached XP level 2. HP: 17/27 MP: 2/2
   539 | D:1      | Reached skill level 4 in Fighting
   567 | D:1      | Reached XP level 3. HP: 33/33 MP: 3/3
  1238 | D:2      | Reached XP level 4. HP: 31/40 MP: 4/4
  1273 | D:2      | HP: 2/40 [gnoll/enchanted halberd (1)]
  1891 | D:3      | Reached XP level 5. HP: 44/46 MP: 5/5
  2013 | D:3      | Found a shimmering altar of Xom.
  2150 | D:3      | Reached skill level 1 in Dodging
  2162 | D:3      | Found a glowing silver altar of Zin.
  2175 | D:3      | Found a glowing golden altar of the Shining One.
  2176 | D:3      | Found a white marble altar of Elyvilon.
  2261 | D:3      | Found a glowing drain.
  2545 | D:3      | Reached XP level 6. HP: 32/53 MP: 6/6
  2682 | D:3      | Found a bloodstained altar of Trog.
  3213 | D:4      | Got a polished scythe
  3214 | D:4      | Identified the +8 scythe of Expedience {slice, rPois Str+2 Int+4} (You found it on level 4 of the Dungeon)
  3232 | D:4      | Noticed Menkaure
  3238 | D:4      | HP: 2/53 [Menkaure (6)]
  3239 | D:4      | Slain by an orc

Vault maps used:
D:1:      eino_arrival_tree_alley
D:2:      first_bread
D:3:      good_gods_temple_1, lemuel_coloured_pillars_altar,
          portal_sewer_entry_d, xom_teletrap_fun
D:4:      minmay_temple_entry_statues_fountains, kennysheep_cluttered_room,
          st_stairs_3, hangedman_decor_riveting, uniq_menkaure

Action                   |  1- 3 |  4- 6 || total
-------------------------+-------+-------++-------
Melee: War axe           |   132 |   250 ||   382
       Scythe            |       |     5 ||     5
  Use: Scroll            |     1 |     4 ||     5
       Potion            |       |     4 ||     4
  Eat: Bread ration      |     1 |     1 ||     2
